 Dungeon Crawl Stone Soup version 0.31-a0-236-g9a0961fb85 (webtiles) character file.

Game seed: 14755138524459328445

782 qw the Shooter (level 7, -4/43 HPs)
             Began as a Gargoyle Hexslinger on July 10, 2023.
             Was a Follower of Okawaru.
             Slain by a komodo dragon (24 damage)
             ... on level 6 of the Dungeon.
             The game lasted 00:02:08 (4955 turns).

qw the Shooter (Gargoyle Hexslinger)                Turns: 4955, Time: 00:02:08

Health: -4/43      AC: 12    Str: 11    XL:     7   Next: 86%
Magic:  7/8        EV: 13    Int: 14    God:    Okawaru [*.....]
Gold:   332        SH:  0    Dex: 14    Spells: 7/8 levels left

rFire   . . .        Y - +4 sling
rCold   . . .        (no shield)
rNeg    + . .        f - +0 ring mail
rPois   inf          (no helmet)
rElec   +            (no cloak)
rCorr   .            h - +0 pair of gloves
SInv    +            (no boots)
Will    .....        (no amulet)
Stlth   ++           e - ring of see invisible
HPRegen 0.27/turn    (no ring)
MPRegen 0.11/turn

%: no passive effects
@: heroic
A: sickness immunity, AC +4, negative energy resistance 1, electricity
resistance, torment resistance 1, petrification resistance
a: Renounce Religion, Heroism


You were on level 6 of the Dungeon.
You worshipped Okawaru.
Okawaru was aware of your devotion.
You visited 2 branches of the dungeon, and saw 7 of its levels.

You collected 332 gold pieces.


Innate Abilities, Weirdness & Mutations

You are immune to sickness and miasma.
Your stone body is resilient. (AC +4)
You are immune to poison.
You resist negative energy. (rN+)
You are resistant to electric shocks. (rElec)
You are resistant to unholy torment.
You are immune to petrification.


   Skills:
 - Level 4.3(9.3) Fighting
 + Level 7.2(12.2) Ranged Weapons
 - Level 1.6(6.6) Armour
 - Level 1.5(6.5) Dodging
 - Level 1.0 Spellcasting
 - Level 2.6 Hexes
 + Level 2.0 Invocations


You had 7 spell levels left.
You knew the following spells:

 Your Spells              Type           Power      Damage    Failure   Level
a - Slow                  Hex            32%        N/A       19%         1

Your spell library contained the following spells:

 Spells                   Type           Power      Damage    Failure   Level
 Inner Flame              Hex/Fire       4%         N/A       67%         3
 Portal Projectile        Hex/Tloc       8%         N/A       67%         3
 Cause Fear               Hex            4%         N/A       88%         4

Inventory:

Hand Weapons
 Y - a +4 sling (weapon)
Armour
 f - a +0 ring mail (worn)
 h - a +0 pair of gloves (worn)
Jewellery
 e - a ring of see invisible (left hand)
Scrolls
 a - 3 scrolls of teleportation
 d - a scroll of identify
Potions
 b - a potion of mutation
 k - 3 potions of curing

Dungeon Overview and Level Annotations

Branches:
Dungeon (6/15)             Temple (1/1) D:4

Altars:
Ashenzari
Cheibriados
Dithmenos
Elyvilon
Fedhas
Gozag
Hepliaklqana
Kikubaaqudgha
Makhleb
Nemelex Xobeh
Okawaru
Qazlal
Trog
Uskayaw
Vehumet
Wu Jian
Xom
Yredelemnul
Zin
The Shining One

Annotations:
D:3 3 runed translucent doors, qw's ghost, amateur MiHs; qw's ghost, weakling MiHs
D:4 1 runed translucent door, qw's ghost, amateur GrHs


Message History

You gain the combat prowess of a mighty hero.
You shoot a sling bullet.
The sling bullet hits the komodo dragon.
The komodo dragon is lightly wounded.
You shoot a sling bullet.
The sling bullet barely misses the komodo dragon.
You shoot a sling bullet.
The sling bullet hits the komodo dragon!
The komodo dragon is moderately wounded.
You shoot a sling bullet.
The sling bullet hits the komodo dragon.
The komodo dragon is moderately wounded.
The komodo dragon bites you but does no damage.
You shoot a sling bullet.
The sling bullet barely misses the komodo dragon.
The komodo dragon barely misses you.
You shoot a sling bullet.
The sling bullet hits the komodo dragon!
The komodo dragon is heavily wounded.
The komodo dragon closely misses you.
You shoot a sling bullet.
The sling bullet hits the komodo dragon!
The komodo dragon is severely wounded.
You shoot a sling bullet.
The sling bullet barely misses the komodo dragon.
The komodo dragon completely misses you.
You shoot a sling bullet.
The sling bullet closely misses the komodo dragon.
The komodo dragon closely misses you.
You shoot a sling bullet.
The sling bullet hits the komodo dragon but does no damage.
The komodo dragon is severely wounded.
The komodo dragon bites you!!
Ouch! That really hurt!
You shoot a sling bullet.
The sling bullet hits the komodo dragon.
The komodo dragon is severely wounded.
The komodo dragon bites you!!
Ouch! That really hurt!
You die...

#...###...######
###...###.# ..
#.....# # ##..
##.#### #. #..
#..# ##.##..
##.## #...#.#
#..# #..l####.##
#@%.#..#
###...## ###.#
#.# ..# .## ..
.# ..


You could see a komodo dragon.

Vanquished Creatures
  3 scorpions
  2 vampire bats (D:4)
  2 hounds
  2 jellies
  A sleepcap (D:5)
  Jessica (D:3)
  Terence (D:3)
  2 iguanas
  7 adders
  12 gnolls
  An ufetubus (D:5)
  A worm (D:2)
  A dart slug (D:1)
  5 orcs
  5 bat skeletons (D:4)
  2 bat zombies (D:4)
  7 endoplasms
  2 giant cockroaches
  10 hobgoblins
  2 jackals (D:1)
  5 quokkas
  5 ball pythons
  6 bats
  5 frilled lizards
  6 goblins
  10 kobolds
  5 rats
111 creatures vanquished.

Notes
Turn   | Place    | Note
-------+----------+-------------------------------------------
     0 | D:1      | qw the Gargoyle Hexslinger began the quest for the Orb.
     0 | D:1      | Reached XP level 1. HP: 12/12 MP: 2/2
     0 | D:1      | 0 ||| qw: Version: 0.3-a-52-g30416fa
     0 | D:1      | 0 ||| qw: Game counter: 4548
     0 | D:1      | 0 ||| qw: Melee chars always use a shield: true
     0 | D:1      | 0 ||| qw: God list: Okawaru
     0 | D:1      | 0 ||| qw: Allow faded altars: false
     0 | D:1      | 0 ||| qw: Do Orc after clearing Dungeon:15 true
     0 | D:1      | 0 ||| qw: Do second Lair branch before Depths: true
     0 | D:1      | 0 ||| qw: Lair rune preference: random
     0 | D:1      | 0 ||| qw: Goals: Normal
     0 | D:1      | 0 ||| PLANNING D:1-11
   231 | D:1      | Reached XP level 2. HP: 16/16 MP: 3/3
   238 | D:1      | Reached skill level 3 in Ranged Weapons
   259 | D:1      | Reached XP level 3. HP: 16/21 MP: 4/4
   502 | D:1      | Found a faded altar of an unknown god.
   678 | D:1      | 678 ||| UPGRADING to +0 pair of gloves.
   683 | D:1      | 683 ||| READING scroll labelled MUYCVOTIEP.
   687 | D:1      | 687 ||| READING scroll labelled CILOSE DU DIE.
   688 | D:1      | 688 ||| READING scroll labelled DAKKESHR WORENI.
   689 | D:1      | 689 ||| READING scroll labelled UNOWUOK VINOS.
   690 | D:1      | 690 ||| DROPPING scroll of poison.
   827 | D:2      | Reached XP level 4. HP: 26/26 MP: 5/5
   868 | D:2      | Reached skill level 4 in Ranged Weapons
  1453 | D:2      | 1453 ||| UPGRADING to +0 leather armour.
  1463 | D:2      | 1463 ||| DROPPING +0 robe.
  1464 | D:2      | 1464 ||| UPGRADING to +0 ring mail.
  1474 | D:2      | 1474 ||| DROPPING +0 leather armour.
  1475 | D:2      | 1475 ||| READING 3 scrolls labelled RUNUMU YNARGH.
  1576 | D:2      | 1576 ||| READING 3 scrolls labelled JISHUAJIHOMI.
  1577 | D:2      | 1577 ||| READING 2 scrolls of enchant weapon.
  1577 | D:2      | 1577 ||| ENCHANTING +2 sling.
  1578 | D:2      | 1578 ||| READING scroll of enchant weapon.
  1578 | D:2      | 1578 ||| ENCHANTING +3 sling.
  1579 | D:2      | 1579 ||| DRINKING 3 fizzy blue potions.
  1580 | D:2      | 1580 ||| DROPPING 2 scrolls of silence.
  1705 | D:3      | Found a runed translucent gate.
  1706 | D:3      | Found a runed translucent gate.
  1706 | D:3      | Found a runed translucent gate.
  1707 | D:3      | Noticed qw's ghost (amateur MiHs)
  1707 | D:3      | Noticed qw's ghost (weakling MiHs)
  1757 | D:3      | Noticed Terence
  1758 | D:3      | 1758 ||| FLEEEEING.
  1759 | D:3      | 1759 ||| FLEEEEING.
  1766 | D:3      | 1766 ||| FLEEEEING.
  1767 | D:3      | 1767 ||| FLEEEEING.
  1768 | D:3      | 1768 ||| FLEEEEING.
  1769 | D:3      | 1769 ||| FLEEEEING.
  1770 | D:3      | 1770 ||| FLEEEEING.
  1771 | D:3      | 1771 ||| FLEEEEING.
  1772 | D:3      | 1772 ||| FLEEEEING.
  1773 | D:3      | 1773 ||| FLEEEEING.
  1774 | D:3      | 1774 ||| FLEEEEING.
  1775 | D:3      | 1775 ||| FLEEEEING.
  1776 | D:3      | 1776 ||| FLEEEEING.
  1781 | D:3      | 1781 ||| FLEEEEING.
  1782 | D:3      | 1782 ||| FLEEEEING.
  1783 | D:3      | 1783 ||| FLEEEEING.
  1787 | D:3      | 1787 ||| FLEEEEING.
  1796 | D:3      | Killed Terence
  1797 | D:3      | Reached skill level 1 in Armour
  1797 | D:3      | Reached XP level 5. HP: 24/30 MP: 6/6
  1891 | D:3      | Noticed Jessica
  1898 | D:3      | Killed Jessica
  2134 | D:3      | Reached skill level 5 in Ranged Weapons
  2143 | D:3      | Found a hazy altar of Hepliaklqana.
  2220 | D:3      | 2220 ||| Stepping ~*~*~tactically~*~*~ (outnumbered).
  2519 | D:3      | Found an ornate altar of the Wu Jian Council.
  2524 | D:3      | Found a shadowy altar of Dithmenos.
  2690 | D:3      | 2690 ||| READING 2 scrolls labelled HOANLU GIARCH.
  2691 | D:3      | 2691 ||| READING scroll labelled RAETIMPING.
  2692 | D:3      | 2692 ||| DRINKING 2 fuming amethyst potions.
  2693 | D:3      | 2693 ||| READING 4 scrolls of identify.
  2693 | D:3      | 2693 ||| IDENTIFYING clear potion
  2694 | D:3      | 2694 ||| READING 3 scrolls of identify.
  2694 | D:3      | 2694 ||| IDENTIFYING viscous yellow potion
  2695 | D:3      | 2695 ||| READING 2 scrolls of identify.
  2695 | D:3      | 2695 ||| IDENTIFYING fuming pink potion
  2696 | D:3      | 2696 ||| DROPPING scroll of blinking.
  2697 | D:3      | 2697 ||| DROPPING potion of brilliance.
  2698 | D:3      | 2698 ||| DROPPING potion of invisibility.
  2699 | D:3      | 2699 ||| DROPPING potion of attraction.
  2704 | D:4      | Found a runed translucent door.
  2707 | D:4      | 2707 ||| STAIRDANCE
  2713 | D:3      | Reached skill level 3 in Fighting
  2713 | D:3      | Reached XP level 6. HP: 17/37 MP: 7/7
  2803 | D:4      | 2803 ||| STAIRDANCE
  2826 | D:4      | 2826 ||| STAIRDANCE
  2897 | D:4      | 2897 ||| STAIRDANCE
  2961 | D:4      | Noticed qw's ghost (amateur GrHs)
  2998 | D:4      | 2998 ||| Stepping ~*~*~tactically~*~*~ (outnumbered).
  3175 | D:4      | Found a staircase to the Ecumenical Temple.
  3176 | D:4      | 3176 ||| PLANNING TEMPLE
  3176 | D:4      | 3176 ||| DRINKING 2 smoky orange potions.
  3221 | D:4      | 3221 ||| DROPPING potion of lignification.
  3230 | Temple   | Entered the Ecumenical Temple
  3257 | Temple   | 3257 ||| PLANNING OKAWARU WORSHIP
  3267 | Temple   | Became a worshipper of Warmaster Okawaru
  3268 | Temple   | 3268 ||| PLANNING D:1-11
  3331 | D:4      | Found a snail-covered altar of Cheibriados.
  3658 | D:4      | Reached skill level 6 in Ranged Weapons
  3738 | D:4      | Found an ancient bone altar of Kikubaaqudgha.
  3757 | D:4      | Reached XP level 7. HP: 40/42 MP: 8/8
  3846 | D:4      | Found a hide-covered altar of Uskayaw.
  3931 | D:4      | 3931 ||| UPGRADING to ring of see invisible.
  3968 | D:4      | 3968 ||| READING 2 scrolls of identify.
  3968 | D:4      | 3968 ||| IDENTIFYING red potion
  3969 | D:4      | 3969 ||| DROPPING potion of degeneration.
  3979 | D:5      | Entered Level 5 of the Dungeon
  4116 | D:5      | Reached * piety under Okawaru
  4298 | D:5      | Reached skill level 7 in Ranged Weapons
  4305 | D:5      | Found a glowing silver altar of Zin.
  4307 | D:5      | Found a glowing golden altar of the Shining One.
  4312 | D:5      | Found a white marble altar of Elyvilon.
  4570 | D:5      | 4570 ||| DROPPING +6 ring of intelligence.
  4571 | D:5      | 4571 ||| READING scroll labelled NOCWEN WOPUA.
  4572 | D:5      | 4572 ||| READING scroll labelled EWNIP XOGGO.
  4593 | D:5      | Reached skill level 1 in Invocations
  4619 | D:5      | 4619 ||| STAIRDANCE
  4834 | D:6      | 4834 ||| STAIRDANCE
  4865 | D:6      | 4865 ||| STAIRDANCE
  4943 | D:6      | Noticed a komodo dragon
  4944 | D:6      | 4944 ||| INVOKING Heroism.
  4955 | D:6      | Slain by a komodo dragon

Levels and vault maps discovered:
D:1:      heliophobic_arrival_battle_scene, layout_basic,
          shapermc_ecumenical_altar_notcrosses
D:2:      layout_basic, chequers_serial_rivers_micro_e,
          chequers_hall_statues_wall_a
D:3:      layout_basic, amethyst_overflow_temple_binary,
          mainiacjoe_overflow_cross_hatched, gammafunk_ghost_cemetery,
          minmay_hedge_maze, kennysheep_jessica_study, uniq_terence
D:4:      layout_cave_pods, amcnicky_altar_gilded, kennysheep_vampire_church,
          mainiacjoe_overflow_chevrons, minmay_temple_entry_glass,
          ebering_ghost_sewer_d, minmay_unequal
D:5:      layout_basic, good_gods_mini_temple, serial_glass, glass_columns_a,
          glass_columns_a, glass_columns_a, glass_columns_b, glass_columns_c,
          glass_columns_b
D:6:      minmay_skewed_foursquare, layout_rooms
Temple:   hellmonk_temple_of_storms

Skill      XL: |  1  2  3  4  5  6  7 |
---------------+----------------------+-----
Ranged Weapons | 3 4 5 6 7 |  7.2
Fighting       | 2 3 4 |  4.3
Armour         | 1 |  1.6
Invocations    | 2 |  2.0
Dodging        | |  1.5
Spellcasting   | |  1.0
Hexes          | |  2.6

Action                     |  1- 3 |  4- 6 |  7- 9 || total
---------------------------+-------+-------+-------++-------
   Fire: Sling             |   113 |   246 |    77 ||   436
 Invoke: Heroism           |       |       |     1 ||     1
    Use: Scroll            |     4 |     9 |     3 ||    16
         Potion            |       |     3 |       ||     3
 Armour: Robe              |    18 |    23 |       ||    41
         Ring mail         |       |    88 |    15 ||   103
  Dodge: Dodged            |    44 |   112 |    20 ||   176

Table legend:
 A = Non-vault XP
 B = Vault XP
 C = Vault XP percentage of total XP
 D = Non-vault monster count
 E = Vault monster count
 F = Vault count percentage of total count
                 A         B        C        D         E       F
            +---------+---------+-------+---------+---------+-------
      Total |     902 |     216 |  19.3 |      95 |      16 |  14.4
            +---------+---------+-------+---------+---------+-------
        D:1 |      59 |       0 |   0.0 |      27 |       0 |   0.0
        D:2 |      87 |       0 |   0.0 |      24 |       0 |   0.0
        D:3 |     148 |      75 |  33.6 |      19 |       3 |  13.6
        D:4 |     212 |     128 |  37.6 |      13 |      12 |  48.0
        D:5 |     330 |       0 |   0.0 |       9 |       0 |   0.0
        D:6 |      66 |      13 |  16.5 |       3 |       1 |  25.0
            +---------+---------+-------+---------+---------+-------
